 Dungeon Crawl Stone Soup version 0.30-a0-168-g0b976cbdc4 (webtiles) character file.

Game seed: 41200219301461732

59 qw the Chopper (level 4, -2/28 HPs)
             Began as a Gargoyle Fighter on Sept 29, 2022.
             Killed from afar by Sigmund (12 damage)
             ... with a puff of flame
             ... on level 3 of the Dungeon.
             The game lasted 00:00:39 (1627 turns).

qw the Chopper (Gargoyle Fighter)                   Turns: 1627, Time: 00:00:40

Health: -2/28      AC:  0    Str: 22    XL:     4   Next: 3%
Magic:  4/4        EV: 17    Int:  8    God:
Gold:   78         SH:  0    Dex: 14    Spells: 3/3 levels left

rFire   . . .      SeeInvis .    (weapon currently unavailable)
rCold   . . .      Faith    .    (shield currently unavailable)
rNeg    + . .      Spirit   .    (body armour currently unavailable)
rPois   inf        Reflect  .    (helmet currently unavailable)
rElec   .          Harm     .    (cloak currently unavailable)
rCorr   .          Rampage  .    (gloves currently unavailable)
Will    .....                    (boots currently unavailable)
Stlth   +.........               (no amulet)
HPRegen 0.09/turn                (ring currently unavailable)
MPRegen 0.09/turn                (ring currently unavailable)

@: confused, bat-form, flying, very quick
A: fast, flying, no casting, sickness immunity, AC +3, tiny, negative energy
resistance 1, (electricity resistance), torment resistance 1, petrification
resistance
a: no special abilities


You were on level 3 of the Dungeon.
You were a bat.
You visited 1 branch of the dungeon, and saw 3 of its levels.

You collected 78 gold pieces.


Innate Abilities, Weirdness & Mutations

You are a bat.
You are tiny and dextrous.
You move quickly.
You are flying.
Your equipment is almost entirely melded.
You are incapable of wielding weapons or throwing items.
You cannot cast spells.
You are immune to sickness and miasma.
((Your stone body is resilient. (AC +3)))
You are immune to poison.
You resist negative energy. (rN+)
((You are resistant to electric shocks. (rElec)))
You are resistant to unholy torment.
You are immune to petrification.


   Skills:
 - Level 3.2 Fighting
 + Level 3.8 Axes
 - Level 3.2 Armour
 - Level 3.2 Shields


You had 3 spell levels left.
You didn't know any spells.
Your spell library was empty.

Inventory:

Hand Weapons
 h - a +0 whip
 Y - a +0 war axe (melded)
Armour
 c - a +0 buckler (melded)
 g - a +0 chain mail of fire resistance (melded)
 i - the +0 pair of gloves of Wrong Decisions {rC+ Regen+}
   (You found it on level 2 of the Dungeon)

   rC:        It protects you from cold.
   Regen:     It increases your rate of health regeneration.
Scrolls
 a - a scroll of identify
 k - a scroll of immolation {unknown}
 l - a scroll of teleportation
Potions
 b - a potion of flight {unknown}
 d - 2 potions of might
 e - 2 potions of mutation {unknown}
 f - a potion of curing {unknown}
 j - a potion of cancellation {unknown}

Dungeon Overview and Level Annotations

Branches:
Dungeon (3/15)

Altars:
Gozag

Annotations:
D:3 Sigmund


Message History

Your +0 chain mail of fire resistance melds into your body.
You feel less resistant to fire.
You barely miss Sigmund.
Sigmund is moderately wounded.
Sigmund closely misses you.
You hit Sigmund but do no damage.
Sigmund is moderately wounded.
Sigmund misses you.
You completely miss Sigmund.
Sigmund is moderately wounded.
You hit Sigmund but do no damage.
Sigmund is moderately wounded.
Sigmund barely misses you.
You barely miss Sigmund.
Sigmund is moderately wounded.
You hit Sigmund but do no damage.
Sigmund is moderately wounded.
Sigmund barely misses you.
You hit Sigmund but do no damage.
Sigmund is moderately wounded.
Sigmund casts a spell.
Sigmund flickers and vanishes!
Deactivating autopickup; reactivate with Ctrl-A.
You closely miss something. Something hits you.
You hit something but do no damage. You hit something but do no damage.
You hear some strange, mumbled words.
You are confused.
You're too confused to attack without stumbling around!
There is a strange disturbance nearby!
Something completely misses you.
You're too confused to attack without stumbling around!
There is a strange disturbance nearby!
You're too confused to attack without stumbling around!
There is a strange disturbance nearby!
You hear some strange, mumbled words.
A puff of flame appears from out of thin air!
The puff of flame hits you!
You die...

#.# ... ####...
...#######.......#
.......##........
.......##.......##
#............... #............#
#..{)........# #.b..[.......#
.. #...#......## ...
#...#......# ..#
#.###......########
#¤####+####~.# #......##.....#
##¤¤~¤¤.~~¤~~.###......##.....#
#¤¤..¤¤>.......................
#.......###################....
#.......# #....# #....


There were no monsters in sight!

Vanquished Creatures
  A gnoll (D:1)
  A worm (D:3)
  A dart slug (D:1)
  5 ball pythons
  2 bats
  An endoplasm (D:1)
  3 giant cockroaches
  2 hobgoblins
  5 jackals (D:1)
  A quokka (D:1)
  A frilled lizard (D:1)
  6 goblins
  9 kobolds
  2 rats (D:1)
40 creatures vanquished.

Notes
Turn   | Place    | Note
-------+----------+-------------------------------------------
     0 | D:1      | qw the Gargoyle Fighter began the quest for the Orb.
     0 | D:1      | Reached XP level 1. HP: 14/14 MP: 1/1
     0 | D:1      | 0 ||| qw: Version: 0.2-a-12-gaebbb33
     0 | D:1      | 0 ||| qw: Game counter: 1092
     0 | D:1      | 0 ||| qw: Always use a shield: true
     0 | D:1      | 0 ||| qw: God list: Okawaru
     0 | D:1      | 0 ||| qw: Allow faded altars: false
     0 | D:1      | 0 ||| qw: Do Orc after D:15 true
     0 | D:1      | 0 ||| qw: Do second Lair branch before Depths: true
     0 | D:1      | 0 ||| qw: Lair rune preference: random
     0 | D:1      | 0 ||| qw: Plans: Normal, Zot:1-4, God:TSO, Crypt, Tomb,
                  | Pan, Slime:5, Hells, Abyss, Orb
     0 | D:1      | 0 ||| PLANNING D:1-11
    93 | D:1      | Reached XP level 2. HP: 16/19 MP: 2/2
   275 | D:1      | 275 ||| Stepping ~*~*~tactically~*~*~ (hiding).
   332 | D:1      | 332 ||| DROPPING +0 club.
   506 | D:1      | Reached skill level 3 in Axes
   548 | D:1      | Reached XP level 3. HP: 21/23 MP: 3/3
   791 | D:1      | 791 ||| Stepping ~*~*~tactically~*~*~ (stealth).
  1257 | D:1      | 1257 ||| UPGRADING to +0 chain mail of fire resistance.
  1267 | D:1      | 1267 ||| DROPPING +0 scale mail.
  1268 | D:1      | 1268 ||| READING scroll labelled OXEKEM UROVENUSAL.
  1271 | D:1      | 1271 ||| READING scroll labelled UCUSIPS SOATH.
  1448 | D:2      | 1448 ||| Stepping ~*~*~tactically~*~*~ (stealth).
  1450 | D:2      | 1450 ||| Stepping ~*~*~tactically~*~*~ (stealth).
  1462 | D:2      | Identified the +0 pair of gloves of Wrong Decisions {rC+
                  | Regen+}
  1497 | D:2      | You fall into a shaft and drop 1 floor!
  1528 | D:3      | Found an opulent altar of Gozag.
  1581 | D:3      | Noticed Sigmund
  1586 | D:3      | Reached XP level 4. HP: 28/28 MP: 4/4
  1627 | D:3      | Killed from afar by Sigmund

Levels and vault maps discovered:
D:1:      moated_graveyard_arrival, layout_basic
D:2:      layout_loops_cross, serial_co_window_serial, co_window_paths_a,
          co_window_paths_a, co_window_corner_a, co_window_corner_a,
          co_window_paths_b, co_window_cross_4, co_window_corner_cb,
          co_window_broadway_a, co_window_cross_3, co_window_of_opportunity_b,
          co_window_2corner, co_window_unsneaky_path_c, dk_vineyard_2,
          minmay_misc_feat_plants, dk_noncrumbling_4,
          amcnicky_mini_rare_corridor_liquid, chequers_serial_rivers_micro_d,
          st_stairs_3, uniq_terence
D:3:      layout_basic, mainiacjoe_overflow_paths, doesnt_xom_only_xom,
          lightli_temple_of_fire, shapermc_ecumenical_altar_rom_forum,
          uniq_sigmund

Skill      XL: |  1  2 |
---------------+-------+-----
Axes           | 2 3 |  3.8
Fighting       | |  3.2
Armour         | |  3.2
Shields        | |  3.2

Action                   |  1- 3 |  4- 6 || total
-------------------------+-------+-------++-------
Melee: War axe           |   113 |     3 ||   116
       Unarmed           |     1 |    11 ||    12
  Use: Scroll            |     2 |       ||     2
Armor: Scale mail        |    58 |       ||    58
       Chain mail        |    13 |     1 ||    14
       Skin              |       |     2 ||     2
Dodge: Dodged            |    52 |    13 ||    65
Block: Buckler           |    32 |       ||    32

Table legend:
 A = Non-vault XP
 B = Vault XP
 C = Vault XP percentage of total XP
 D = Non-vault monster count
 E = Vault monster count
 F = Vault count percentage of total count
                 A         B        C        D         E       F
            +---------+---------+-------+---------+---------+-------
      Total |      85 |       0 |   0.0 |      40 |       0 |   0.0
            +---------+---------+-------+---------+---------+-------
        D:1 |      67 |       0 |   0.0 |      32 |       0 |   0.0
        D:2 |       7 |       0 |   0.0 |       4 |       0 |   0.0
        D:3 |      11 |       0 |   0.0 |       4 |       0 |   0.0
            +---------+---------+-------+---------+---------+-------
